 Dungeon Crawl Stone Soup version 0.28.0-53-g5a82cb258f (webtiles) character file.

Game seed: 1028791098323990406

999 hawla the Arsonist (level 8, 0/31 (32) HPs)
             Began as a Felid Fire Elementalist on June 3, 2022.
             Slain by a wight
             ... wielding a +3 hand axe of freezing
              (2 damage)
             ... on level 6 of the Dungeon.
             The game lasted 00:21:31 (8603 turns).

hawla the Arsonist (Felid Fire Elementalist)        Turns: 8603, Time: 00:21:32

HP:   0/31 (32)     AC:  2    Str:  4    XL:     8   Next: 0%
MP:   4/13          EV: 19    Int: 19    God:
Gold: 148           SH:  0    Dex: 16    Spells: 6/13 levels left
                                        Lives: 0   Deaths: 2

rFire   . . .      SeeInvis +     - Unarmed
rCold   . . .      Faith    .   (shield unavailable)
rNeg    . . .      Spirit   .   (armour unavailable)
rPois   +          Reflect  .   (helmet unavailable)
rElec   .          Harm     .   (cloak unavailable)
rCorr   .          Rampage  .   (gloves unavailable)
Will    ++...                   (boots unavailable)
Stlth   ++........              (no amulet)
HPRegen 0.10/turn               (no ring)
MPRegen 0.13/turn               (no ring)

@: very slightly contaminated, lightly drained, quick
A: very small, claws 1, fangs 3, see invisible, speed 1, shaggy fur 2, stealthy
paws, no weapons or thrown items, no armour, multi-lived, strong-willed 1,
poison resistance
a: no special abilities


You were on level 6 of the Dungeon.
You visited 1 branch of the dungeon, and saw 6 of its levels.

You collected 148 gold pieces.

Inventory:

Wands
 a - a wand of flame (14)
Scrolls
 d - 3 scrolls of amnesia
 e - 2 scrolls of blinking
Potions
 b - 3 potions of flight
 c - a potion of attraction
 f - a potion of brilliance
 g - a potion of berserk rage


   Skills:
 + Level 1.3 Fighting
 + Level 4.9 Dodging
 - Level 3.4 Stealth
 - Level 1.0 Unarmed Combat
 - Level 3.1 Spellcasting
 * Level 3.8 Conjurations
 * Level 8.0 Fire Magic
 + Level 0.7 Evocations


You had 6 spell levels left.
You knew the following spells:

 Your Spells              Type           Power      Damage    Failure   Level
a - Foxfire               Conj/Fire      100%       2x1d9     1%          1
b - Scorch                Fire           66%        2d8       1%          2
c - Flame Wave            Conj/Fire      25%        2d7       13%         4

Your spell library contained the following spells:

 Spells                   Type           Power      Damage    Failure   Level
 Conjure Flame            Conj/Fire      25%        6-21      4%          3
 Inner Flame              Hex/Fire       18%        N/A       9%          3
 Beastly Appendage        Tmut           4%         N/A       16%         1
 Wereblood                Tmut           2%         N/A       22%         2
 Spider Form              Tmut/Pois      2%         N/A       41%         3


Dungeon Overview and Level Annotations

Branches:
Dungeon (6/15)
 Temple: D:4-7

Altars:
Ru

Shops:
D:5 !   D:6 (


Innate Abilities, Weirdness & Mutations

You have sharp claws.
You have razor-sharp teeth.
You have supernaturally acute eyesight. (SInv)
You cover ground quickly. (Speed+)
You are covered in thick fur. (AC +2)
Your paws help you pounce on unaware monsters.
You are incapable of wielding weapons or throwing items.
You cannot wear armour.
You gain extra lives every three experience levels.
You are strong-willed. (Will+)
Your system is resistant to poisons. (rPois)


Message History

There is a stone staircase leading up here.
You climb upwards.
There is a stone staircase leading down here.
You start resting.
Magic restored.
You climb downwards.
The wight hits you with a +3 dagger.
You feel drained. The wight closely misses you.
There is a stone staircase leading up here.
Casting: Foxfire (safe; 1% risk of failure)
Confirm with . or Enter, or press ? or * to list all spells.
The spell is extremely dangerous to miscast (13% risk of failure)!
Continue anyway?
Casting: Flame Wave (extremely dangerous; 13% risk of failure)
Press: ? - help, Dir - look around, f - activate You miscast Flame Wave.
You are very lightly contaminated with residual magic.
Nothing appears to happen.
The wight closely misses you. x2
Unknown command.
Casting: Flame Wave (extremely dangerous; 13% risk of failure)
Confirm with . or Enter, or press ? or * to list all spells.
The spell is extremely dangerous to miscast (13% risk of failure)!
Continue anyway?
Casting: Flame Wave (extremely dangerous; 13% risk of failure)
Press: ? - help, Dir - look around, f - activate A wave of flame ripples out!
The flame wave engulfs the wight but does no damage.
The wight is lightly damaged.
The flame wave engulfs the wight!
The wight is moderately damaged. (Press . to intensify the flame waves.)
The wight closely misses you.
The wight hits you with a +3 hand axe of freezing!
The wight freezes you.
A wave of flame ripples out!
The flame wave engulfs the wight.
The wight is heavily damaged.
The flame wave engulfs the wight.
The wight is heavily damaged.
The wight barely misses you.
The wight hits you with a +3 hand axe of freezing!
* * * LOW HITPOINT WARNING * * *
The wight freezes you.
You die...

##############
#..........z.######
#.########.z@.....## #.#
#.#####...#####
#.########..>>.........#
##.......##..####...###.#
#...####.##..# ##.## #.#
#####..# #.##..# #.# #.#
.....z.# #.##..# #.# #.#
####...# #.##..#####.#
#.# #...# #......[....##
#.#


You could see 2 wights.

Vanquished Creatures
  Eustachio (D:5)
  Edmund (D:3)
  Menkaure (D:6)
  A black bear (D:6)
  3 ogres
  A gnoll sergeant (D:5)
  2 scorpions (D:3)
  3 wights (D:6)
  3 hounds
  2 iguanas
  A howler monkey zombie (D:5)
  10 gnolls
  6 adders
  An ufetubus (D:6)
  An adder skeleton (D:4)
  4 dart slugs
  10 orcs
  7 bats
  11 endoplasms
  4 giant cockroaches
  8 goblins
  10 hobgoblins
  3 jackals (D:1)
  7 kobolds
  5 quokkas
  7 ball pythons
  3 frilled lizards
  9 rats
125 creatures vanquished.

Vanquished Creatures (others)
  264 foxfires
  3 plants (D:4)
267 creatures vanquished.

Grand Total: 392 creatures vanquished

Notes
Turn   | Place    | Note
-------+----------+-------------------------------------------
     0 | D:1      | hawla the Felid Fire Elementalist began the quest for the
                  | Orb.
     0 | D:1      | Reached XP level 1. HP: 7/7 MP: 4/4
   710 | D:1      | Reached XP level 2. HP: 8/11 MP: 0/6
   713 | D:1      | Learned a level 2 spell: Scorch
   785 | D:1      | Reached skill level 3 in Fire Magic
  1342 | D:1      | Reached XP level 3. HP: 14/14 MP: 0/7
  1943 | D:1      | Found a faded altar of an unknown god.
  2628 | D:2      | Reached skill level 1 in Conjurations
  2629 | D:2      | Reached XP level 4. HP: 18/18 MP: 0/9
  2660 | D:2      | Slain by a hound
  2661 | D:2      | Reached XP level 3. HP: 0/14 MP: 1/8
  3350 | D:2      | Reached XP level 4. HP: 18/18 MP: 4/9
  4081 | D:3      | Reached skill level 1 in Unarmed Combat
  4083 | D:3      | Noticed a scorpion
  4149 | D:2      | Learned a level 4 spell: Flame Wave
  4174 | D:3      | Killed a scorpion
  4175 | D:3      | Reached XP level 5. HP: 19/21 MP: 3/10
  4374 | D:3      | Reached skill level 4 in Fire Magic
  5352 | D:4      | Gained mutation: You are strong-willed. (Will+) [potion of
                  | mutation]
  5352 | D:4      | Gained mutation: Your system is resistant to poisons.
                  | (rPois) [potion of mutation]
  5373 | D:4      | Gained mutation: You are covered in thick fur. (AC +2)
                  | [Felid growth]
  5373 | D:4      | Reached XP level 6. HP: 23/25 MP: 2/11
  5905 | D:4      | Reached skill level 5 in Fire Magic
  6463 | D:4      | Found a sacrificial altar of Ru.
  6665 | D:5      | Entered Level 5 of the Dungeon
  6669 | D:5      | Reached XP level 7. HP: 28/28 MP: 9/12
  6688 | D:5      | Noticed Edmund
  6775 | D:3      | Killed Edmund
  6776 | D:3      | Reached skill level 6 in Fire Magic
  6987 | D:5      | Found Caruas's Distillery.
  7314 | D:5      | Reached skill level 1 in Fighting
  7850 | D:5      | Noticed Eustachio
  7865 | D:5      | Slain by Eustachio
  7866 | D:5      | Reached XP level 6. HP: 0/25 MP: 0/11
  8092 | D:5      | Killed Eustachio
  8093 | D:5      | Reached skill level 7 in Fire Magic
  8093 | D:5      | Reached XP level 7. HP: 28/28 MP: 6/12
  8227 | D:6      | Found Tuerixt's Weapon Shop.
  8380 | D:6      | Noticed Menkaure
  8384 | D:6      | Killed Menkaure
  8495 | D:6      | Reached skill level 8 in Fire Magic
  8495 | D:6      | Reached XP level 8. HP: 32/32 MP: 2/13
  8603 | D:6      | Slain by a wight

Illustrated notes

Levels and vault maps discovered:
D:1:      dpeg_chamrin_arrival_tetris, layout_loops_ring,
          shapermc_ecumenical_altar_ellora
D:2:      layout_loops_cross
D:3:      layout_loops_ring, serial_rivers, chequers_serial_rivers_small_b,
          chequers_serial_rivers_small_b, chequers_serial_rivers_small_a,
          chequers_serial_rivers_small_3, grunt_ministairs_8
D:4:      layout_loops_ring, mainiacjoe_overflow_alcove_4, supply_closet_lemuel
D:5:      layout_basic, serial_shops, nicolae_diamond_shop,
          amcnicky_mini_corridor_feature, hex_medium, st_stairs_12, uniq_edmund,
          uniq_eustachio
D:6:      layout_loops_ring, serial_shops, kennysheep_mini_moat, uniq_menkaure

Skill      XL: |  1  2  3  4  5  6  7 |
---------------+----------------------+-----
Dodging        | 3 4 |  4.9
Fire Magic     | 3 4 7 8 |  8.0
Stealth        | 3 |  3.4
Conjurations   | 1 2 3 |  3.8
Spellcasting   | 3 |  3.1
Unarmed Combat | 1 |  1.0
Fighting       | 1 |  1.3
Evocations     | |  0.7

Action                   |  1- 3 |  4- 6 |  7- 9 || total
-------------------------+-------+-------+-------++-------
Melee: Unarmed           |    53 |    64 |    25 ||   142
       Bite              |     9 |    12 |     2 ||    23
       Punch             |     1 |     3 |       ||     4
 Cast: Foxfire           |    62 |    52 |    46 ||   160
       Scorch            |     4 |    25 |    28 ||    57
       Flame Wave        |       |     4 |     2 ||     6
Evoke: Wand              |       |       |     2 ||     2
  Use: Scroll            |     2 |     4 |     3 ||     9
       Potion            |     2 |     1 |       ||     3
 Stab: Sleeping          |     2 |     7 |       ||     9
Armor: Skin              |     5 |     6 |     5 ||    16
Dodge: Dodged            |    87 |    72 |    60 ||   219
